 Dungeon Crawl Stone Soup version 0.29.0-7-g18a832c13a (webtiles) character file.

Game seed: 8153624242637996799

133 xian the Conjurer (level 4, -1/31 HPs)
             Began as a Demonspawn Conjurer on Sept 1, 2022.
             Succumbed to an adder's poison
             ... on level 3 of the Dungeon.
             The game lasted 00:06:10 (3275 turns).

xian the Conjurer (Demonspawn Conjurer)             Turns: 3275, Time: 00:06:11

Health: -1/31      AC:  3    Str:  8    XL:     4   Next: 93%
Magic:  7/7        EV: 12    Int: 21    God:
Gold:   125        SH:  0    Dex: 11    Spells: 5/8 levels left

rFire   . . .      SeeInvis .   n - +0 executioner's axe
rCold   . . .      Faith    .   (shield currently unavailable)
rNeg    . . .      Spirit   .   a - +1 robe
rPois   +          Reflect  .   (no helmet)
rElec   .          Harm     .   (no cloak)
rCorr   .          Rampage  .   (no gloves)
Will    .....                   (no boots)
Stlth   ++........              (no amulet)
HPRegen 0.10/turn               l - ring of poison resistance
MPRegen 0.10/turn               (no ring)

@: lethally poisoned (-1 -> -2)
A: powered by death 1
a: no special abilities


You were on level 3 of the Dungeon.
You visited 1 branch of the dungeon, and saw 3 of its levels.

You collected 125 gold pieces.

Inventory:

Hand Weapons
 n - a +0 executioner's axe (weapon)
Missiles
 e - 5 javelins
 m - 5 boomerangs
Armour
 a - a +1 robe (worn)
Jewellery
 l - a ring of poison resistance (left hand)
Scrolls
 c - a scroll of immolation {unknown}
 d - 2 scrolls of butterflies {unknown}
 g - 6 scrolls of enchant armour
 k - 3 scrolls of identify {unknown}
 o - a scroll of teleportation {unknown}
Potions
 b - 2 potions of magic
 f - a potion of heal wounds {unknown}
 h - a potion of brilliance {unknown}
 i - a potion of attraction {unknown}
 j - a potion of lignification {unknown}


   Skills:
 + Level 0.7 Fighting
 + Level 1.0 Long Blades
 + Level 2.4 Dodging
 + Level 2.1 Stealth
 + Level 2.5 Spellcasting
 + Level 5.2 Conjurations


You had 5 spell levels left.
You knew the following spells:

 Your Spells              Type           Power      Damage    Failure   Level
a - Magic Dart            Conj           96%        1d7       1%          1
b - Searing Ray           Conj           48%        2d6       2%          2

Your spell library contained the following spells:

 Spells                   Type           Power      Damage    Failure   Level
 Dazzling Flash           Conj/Hex       26%        N/A       14%         3
 Fulminant Prism          Conj/Hex       6%         3d7       43%         4
 Iskenderun's Mystic Bla  Conj/Tloc      13%        2d5       43%         4
 Agony                    Necr           2%         N/A       98%         5
 Silence                  Hex/Air        1%         N/A       98%         5


Dungeon Overview and Level Annotations

Branches:
Dungeon (3/15)

Altars:


Innate Abilities, Weirdness & Mutations

You regenerate a little health from kills.


Message History

The bat hits you but does no damage. The bat barely misses you.
The bat hits you but does no damage.
You slash the bat!
You kill the bat!
The rat barely misses you.
You closely miss the rat.
The adder hisses angrily.
The rat barely misses you. The rat bites you.
You closely miss the rat. The rat bites you. x2
You closely miss the rat. You barely miss the adder.
The adder closely misses you. The rat closely misses you.
The adder bites you but does no damage.
You slash the rat!
You kill the rat!
You barely miss the adder. The adder bites you. The adder barely misses you.
The adder completely misses you.
You barely miss the adder. The adder bites you but does no damage.
The adder misses you.
You closely miss the adder. The adder barely misses you. x2
The adder closely misses you.
You barely miss the adder. The adder closely misses you.
The adder barely misses you.
You barely miss the adder. The adder bites you. The adder closely misses you.
The adder bites you.
You barely miss the adder. The adder barely misses you. x2
You miss the adder. The adder bites you. The adder barely misses you.
You miss the adder. The adder barely misses you. The adder bites you. x2
You are poisoned.
The adder poisons you!
You miss the adder.
You hear the rapid rusting of a distant drain.
You feel very sick. The adder misses you. x2
You barely miss the adder.
You feel sick. The adder barely misses you. The adder bites you.
* * * LOW HITPOINT WARNING * * *
The adder bites you.
* * * LOW HITPOINT WARNING * * *
You miss the adder.
You die...

#..####.##.......##.#
#....##>########.##.###
#....##.# #.#.#..#
##.#.##.#### #.<#.#.#
#.#.##....#####..###.#
#.............#..# #.#
#...#####........# #.#
#.†)####.........###.##
#.....@................
#...###S.........####.#
#................# #.#
#..####.......# #.#
#..# #.......# #.# #..#
....##..# .#. #...
..... ... # # #.#.
.##...# #$ #. # # ###.


You could see an adder.

Vanquished Creatures
  4 gnolls (D:2)
  2 adders (D:2)
  A worm (D:2)
  2 dart slugs
  An orc (D:3)
  9 bats
  7 endoplasms
  2 giant cockroaches
  7 hobgoblins
  3 jackals (D:3)
  4 quokkas
  2 ball pythons
  3 frilled lizards
  5 goblins
  5 kobolds
  8 rats
65 creatures vanquished.

Notes
Turn   | Place    | Note
-------+----------+-------------------------------------------
     0 | D:1      | xian the Demonspawn Conjurer began the quest for the Orb.
     0 | D:1      | Reached XP level 1. HP: 13/13 MP: 3/3
   456 | D:1      | Gained mutation: You regenerate a little health from kills.
                  | [demonic ancestry]
   456 | D:1      | Reached XP level 2. HP: 19/19 MP: 5/5
  1227 | D:1      | Reached XP level 3. HP: 24/24 MP: 1/6
  1721 | D:2      | Reached skill level 5 in Conjurations
  1721 | D:2      | Reached XP level 4. HP: 27/30 MP: 0/7
  1724 | D:2      | Learned a level 2 spell: Searing Ray
  1847 | D:2      | Found a faded altar of an unknown god.
  2189 | D:2      | Reached skill level 1 in Long Blades
  3274 | D:3      | HP: 1/31 [adder (2)]
  3275 | D:3      | Succumbed to an adder's poison

Illustrated notes

Levels and vault maps discovered:
D:1:      lemuel_arrival_behind_the_door_small, layout_loops_cross
D:2:      layout_loops_ring, serial_aquarium, aquarium_bridge_straight
          [aquarium_subvault_bridge, aquarium_subvault_window,
          aquarium_subvault_bridge, aquarium_subvault_window],
          aquarium_window_1, aquarium_window_fake, aquarium_window_1,
          aquarium_view_2e, aquarium_view_2g, aquarium_pool_side,
          nicolae_ecumenical_oubliette
D:3:      layout_loops_ring, gup_sewer_entry_glass

Skill      XL: |  1  2  3  4 |
---------------+-------------+-----
Dodging        | 2 |  2.4
Stealth        | 2 |  2.1
Conjurations   | 5 |  5.2
Long Blades    | 1 |  1.0
Fighting       | |  0.7
Spellcasting   | |  2.5

Action                   |  1- 3 |  4- 6 || total
-------------------------+-------+-------++-------
Melee: Falchion          |    22 |     3 ||    25
       Executioner's axe |       |    75 ||    75
 Cast: Magic Dart        |    58 |    43 ||   101
       Searing Ray       |       |     2 ||     2
  Use: Scroll            |       |     2 ||     2
 Stab: Sleeping          |     1 |       ||     1
       Distracted        |       |     1 ||     1
Armor: Robe              |    11 |    72 ||    83
Dodge: Dodged            |    37 |   154 ||   191
